 Dungeon Crawl Stone Soup version 0.30.1-9-gdf580d7c3d (webtiles) character file.

Game seed: 14260017088763683112

5 Chiseanne the Digger (level 1, 0/13 HPs)
             Began as a Demonspawn Wanderer on Oct 3, 2023.
             Slain by a ball python (2 damage)
             ... on level 1 of the Dungeon.
             The game lasted 00:01:23 (183 turns).

Chiseanne the Digger (Demonspawn Wanderer)           Turns: 183, Time: 00:01:23

Health: 0/13       AC:  2    Str: 11    XL:     1   Next: 66%
Magic:  3/3        EV:  8    Int: 17    God:
Gold:   15         SH:  0    Dex:  9    Spells: 4/4 levels left

rFire   . . .        a - +0 mace
rCold   . . .        (no shield)
rNeg    . . .        d - +0 robe
rPois   .            (no helmet)
rElec   .            (no cloak)
rCorr   .            (no gloves)
SInv    .            (no boots)
Will    .....        (no amulet)
Stlth   +            (no ring)
HPRegen 0.22/turn    (no ring)
MPRegen 0.08/turn

%: no passive effects
@: constricted
A: no striking features
a: no special abilities


You were on level 1 of the Dungeon.
You visited 1 branch of the dungeon, and saw 1 of its levels.

You collected 15 gold pieces.

Inventory:

Hand Weapons
 a - a +0 mace (weapon)
Missiles
 b - 6 boomerangs (quivered)
Armour
 d - a +0 robe (worn)
Potions
 c - a potion of berserk rage
 e - a potion of invisibility {unknown}
 f - a potion of flight {unknown}


   Skills:
 + Level 0.2 Fighting
 - Level 1.0 Throwing
 + Level 0.1 Dodging
 * Level 2.1 Spellcasting
 - Level 2.0 Hexes
 * Level 3.7 Earth Magic
 - Level 1.0 Evocations


You had 4 spell levels left.
You didn't know any spells.
Your spell library contained the following spells:

 Spells                   Type           Power      Damage    Failure   Level
 Sandblast                Erth           28%        2d8       4%          1
 Slow                     Hex            32%        N/A       9%          1
 Stone Arrow              Conj/Erth      16%        3d8       26%         3
 Portal Projectile        Hex/Tloc       10%        N/A       36%         3
 Animate Armour           Summ/Erth      16%        N/A       65%         4


Dungeon Overview and Level Annotations

Branches:
Dungeon (1/15)

Altars:


Message History

Adjust to which letter? (? for menu, Esc to quit)
a - a +0 mace
a - a +0 mace (weapon)
A giant cockroach comes into view.
A ball python comes into view.
The ball python hisses angrily.
The giant cockroach bites you but does no damage.
The giant cockroach closely misses you.
You barely miss the giant cockroach.
The giant cockroach bites you but does no damage.
The giant cockroach attacks as you move away!
The giant cockroach bites you but does no damage.
The giant cockroach barely misses you.
You see here a +0 falchion.
The giant cockroach attacks as you move away!
The giant cockroach closely misses you.
The giant cockroach attacks as you move away!
The giant cockroach closely misses you.
You see here a +0 dagger.
You closely miss the giant cockroach. The giant cockroach closely misses you.
The giant cockroach barely misses you.
You hit the giant cockroach but do no damage.
The giant cockroach closely misses you. The giant cockroach barely misses you.
You sock the giant cockroach!
You kill the giant cockroach!
The ball python closely misses you. x2
You closely miss the ball python. The ball python bites you.
The ball python grabs you. The ball python constricts you.
You barely miss the ball python. The ball python barely misses you.
The ball python constricts you. The ball python bites you.
The ball python constricts you.
You closely miss the ball python. The ball python bites you.
The ball python constricts you. The ball python bites you.
The ball python constricts you.
You barely miss the ball python. The ball python bites you.
The ball python constricts you.
You barely miss the ball python. The ball python bites you.
* * * LOW HITPOINT WARNING * * *
The ball python constricts you. The ball python bites you.
You die...

#......##...##...#
......###...##...# #.......#
##...####...##...###.......#
#.#..............##.....^.#
#.#.###.####.....##.......#.
#.#.# #. #................
#.#.# ##+#.###......... #.#.#
#.#........... ##+#.#
#@#.......~♣ .....#
#S###.#~P~~~♣ .....#
#.)....♣~~~~~~ .....# ####
#.....♣~P~~~~~ ####.# ###..#
#....~♣♣~~~~~≈
.....####....#....#~~PP~~~~≈≈
#######......#.##.#♣♣~~~~PP≈≈
###........#. #.# P~♣P~P≈≈
###......##..# #.# ♣~~~~♣~


You could see a ball python.

Vanquished Creatures
  A giant cockroach (D:1)
  A hobgoblin (D:1)
  2 ball pythons (D:1)
  A rat (D:1)
5 creatures vanquished.

Notes
Turn   | Place    | Note
-------+----------+-------------------------------------------
     0 | D:1      | Chiseanne the Demonspawn Wanderer began the quest for the
                  | Orb.
     0 | D:1      | Chiseanne set off with the following items: a +0 dagger, 6
                  | boomerangs, a potion of berserk rage, a +0 robe; and the
                  | following spells available to memorise: Sandblast, Slow,
                  | Stone Arrow, Portal Projectile, Animate Armour.
     0 | D:1      | Reached XP level 1. HP: 13/13 MP: 3/3
   183 | D:1      | Slain by a ball python

Illustrated notes

Levels and vault maps discovered:
D:1:      lemuel_arrival_funnel, layout_basic, shapermc_ecumenical_altar_ellora,
          serial_bayou_lake_a

Action                     || total
---------------------------++-------
  Melee: Dagger            ||    17
         Mace              ||     9
    Use: Scroll            ||     1
 Armour: Robe              ||     9
  Dodge: Dodged            ||    17
